 Dungeon Crawl Stone Soup version 0.27.1 (webtiles) character file.

Game seed: 18143300369781705453

98 Malachi the Cudgeller (level 4, -1/42 HPs)
             Began as a Naga Fighter on Aug 21, 2021.
             Was an Initiate of Cheibriados.
             Slain by an iguana (7 damage)
             ... on level 4 of the Dungeon.
             The game lasted 00:02:40 (2542 turns).

Malachi the Cudgeller (Naga Fighter)                Turns: 2542, Time: 00:02:41

Health: -1/42      AC:  9    Str: 20    XL:     4   Next: 71%
Magic:  1/1        EV:  2    Int: 10    God:    Cheibriados [......]
Gold:   82         SH:  9    Dex: 11    Spells: 3/3 levels left

rFire    . . .     SeeInvis +   o - +3 flail (antimagic)
rCold    . . .     Faith    .   c - +0 kite shield
rNeg     . . .     Spirit   .   n - +0 plate armour
rPois    +         Reflect  .   e - +1 helmet
rElec    .         Harm     .   (no cloak)
rCorr    .         Rampage  .   (no gloves)
Will     .....                  (no barding)
Stlth    ..........             m - amulet of magic regeneration
HPRegen  0.14/turn              (no ring)
MPRegen  0.32/turn              (no ring)

@: short of breath, very slow
A: AC +1, large, see invisible, deformed body, poison resistance, slowness 2,
spit poison 1, naga tail 1
a: Spit Poison, Renounce Religion, Bend Time


You were on level 4 of the Dungeon.
You worshipped Cheibriados.
Cheibriados was noncommittal.
You visited 1 branch of the dungeon, and saw 4 of its levels.

You collected 82 gold pieces.

Inventory:

Hand Weapons
 a - a +1 flail
 l - a +1 flail of holy wrath
 o - a +3 antimagic flail (weapon)
Armour
 c - a +0 kite shield (worn)
 e - a +1 helmet (worn)
 n - a +0 plate armour (worn)
Jewellery
 m - an amulet of magic regeneration (around neck)
Scrolls
 h - 3 scrolls of teleportation
 j - 2 scrolls of identify
Potions
 b - a potion of heal wounds {unknown}
 d - a potion of might
 f - a potion of ambrosia {unknown}
 g - 2 potions of invisibility {unknown}
 i - 2 potions of curing
 k - a potion of lignification {unknown}


   Skills:
 - Level 3.0 Fighting
 * Level 3.6 Maces & Flails
 - Level 2.4 Armour
 * Level 3.4 Shields
 * Level 0.2 Invocations


You had 3 spell levels left.
You didn't know any spells.
Your spell library contained the following spells:

 Spells                   Type           Power      Damage    Failure   Level
 Beastly Appendage        Tmut           0%         N/A       100%        1
 Corpse Rot               Necr/Air       N/A        N/A       100%        2
 Wereblood                Tmut           0%         N/A       100%        2
 Spider Form              Tmut/Pois      0%         N/A       100%        3
 Dispel Undead            Necr           0%         3d6       100%        4
 Death Channel            Necr           0%         N/A       100%        6


Dungeon Overview and Level Annotations

Branches:
Dungeon (4/15)
 Temple: D:4-7

Altars:
Cheibriados
Vehumet


Innate Abilities, Weirdness & Mutations

Your serpentine skin is tough. (AC +1)
You have supernaturally acute eyesight. (SInv)
Armour fits poorly on your strangely shaped body.
Your system is resistant to poisons. (rPois)
You cover ground very slowly.
You can spit poison.
You have a snake-like lower body.


Message History

Cheibriados appreciates the change of pace.
No target in view!
As you read the scroll labelled MOHEASARGHOANT, it crumbles to dust.
It is a scroll of amnesia.
You feel forgetful for a moment.
Found a ring mail.
An iguana comes into view.
The iguana hisses angrily.
An iguana is nearby!
An iguana is nearby!
An iguana is nearby!
The iguana bites you.
You hit the iguana.
The iguana is moderately wounded.
The iguana bites you!
You barely miss the iguana.
The iguana is moderately wounded.
The iguana bites you. x2
You are too injured to fight recklessly!
You are too injured to fight recklessly!
You are too injured to fight recklessly!
You hit the iguana.
The iguana is heavily wounded.
The iguana bites you.
Your plate armour prevents you from hitting the iguana.
The iguana is heavily wounded.
The iguana barely misses you. The iguana bites you!
* * * LOW HITPOINT WARNING * * *
Unknown command.
Press: ? - help, Shift-Dir - straight line, f - iguana
Aim: an iguana (heavily wounded)
The splash of poison hits the iguana but does no damage.
The iguana is poisoned.
The iguana is heavily wounded.
The iguana barely misses you.
Unknown command.
You closely miss the iguana.
The iguana is heavily wounded.
The iguana bites you!
You die...

##.####.# #.#
........# #.#
##.###..#####.## . .
#.#..†.....> ...#
..###.#.##.## ....
#.# ##..##.####.#.#
... #.#.##.#... ..
#.#.#.#.##.##.#.##.##
#. .............@l..#
.#####........#......
##.####....##... ....
#.##.# # ###.# #.# .#
... ..# # #.# ..# #[#
#...


You could see an iguana (poisoned).

Vanquished Creatures
  2 centaur skeletons
  A gnoll (D:1)
  A worm (D:3)
  A dart slug (D:1)
  2 bats
  4 giant cockroaches
  2 goblins (D:1)
  5 hobgoblins
  A quokka (D:2)
  4 ball pythons
  3 frilled lizards (D:1)
  6 rats
32 creatures vanquished.

Notes
Turn   | Place    | Note
-------+----------+-------------------------------------------
     0 | D:1      | Malachi the Naga Fighter began the quest for the Orb.
     0 | D:1      | Reached XP level 1. HP: 21/21 MP: 1/1
   183 | D:1      | Reached XP level 2. HP: 24/28 MP: 2/2
   665 | D:1      | Found a faded altar of an unknown god.
   738 | D:1      | Reached XP level 3. HP: 30/34 MP: 3/3
   914 | D:2      | Found a radiant altar of Vehumet.
   961 | D:2      | Reached XP level 4. HP: 30/42 MP: 4/4
  1518 | D:3      | Found a snail-covered altar of Cheibriados.
  1570 | D:3      | Became a worshipper of Cheibriados the Contemplative
  2542 | D:4      | Slain by an iguana

Illustrated notes

Levels and vault maps discovered:
D:1:      minmay_arrival_nine_rooms, layout_basic,
          ebering_ecumenical_altar_hall, minmay_box_of_dots
D:2:      layout_rooms, basic_altar
D:3:      layout_basic, cheibriados_altar_1, serial_corexii_hall,
          chequers_hall_statues_wall_a, chequers_hall_statues_y,
          corexii_hall_statues_l, chequers_hall_statues_corner_a
D:4:      layout_loops_ring, nicolae_overflow_hidden_temple, serial_park_tiny_2,
          dk_vineyard_1, chequers_serial_rivers_micro_c

Skill      XL: |  1  2  3 |
---------------+----------+-----
Shields        | 3 |  3.4
Maces & Flails | 3 |  3.6
Fighting       | |  3.0
Armour         | |  2.4
Invocations    | |  0.2

Action                   |  1- 3 |  4- 6 || total
-------------------------+-------+-------++-------
Melee: Flail             |    50 |    31 ||    81
 Abil: Spit Poison       |     1 |     1 ||     2
  Use: Scroll            |     4 |     3 ||     7
Armor: Scale mail        |    31 |       ||    31
       Plate armour      |       |    24 ||    24
Dodge: Dodged            |    12 |     5 ||    17
Block: Kite shield       |    26 |    14 ||    40
